 Dungeon Crawl Stone Soup version 0.25.1-2-g60ff931df9 (webtiles) character file.

Game seed: 13237676493657520179

49 DildoBatman the Magician (level 4, 0/30 HPs)
             Began as a Formicid Wizard on Oct 30, 2020.
             Slain by a hobgoblin (1 damage)
             ... on level 2 of the Dungeon.
             The game lasted 00:03:24 (1228 turns).

DildoBatman the Magician (Formicid Wizard)          Turns: 1228, Time: 00:03:24

Health: 0/30       AC:  4    Str: 12    XL:     4   Next: 1%
Magic:  8/8        EV: 12    Int: 14    God:
Gold:   110        SH:  0    Dex:  9    Spells: 8/9 levels left

rFire    . . .     SeeInvis +   a - +1 dagger (elec)
rCold    . . .     Gourm    .   (no shield)
rNeg     . . .     Faith    .   c - +0 robe
rPois    .         Spirit   .   (helmet unavailable)
rElec    .         Reflect  .   (no cloak)
rCorr    .         Harm     .   (no gloves)
MR       .....                  w - +1 pair of boots
Stlth    +++.......             (no amulet)
HPRegen  0.10/turn              h - ring of stealth
MPRegen  0.11/turn              x - -4 ring of intelligence (curse)

@: no status effects
A: permanent stasis, dig shafts and tunnels, four strong arms, antennae 3
a: Dig, Shaft Self


You were on level 2 of the Dungeon.
You were not hungry.

You visited 1 branch of the dungeon, and saw 2 of its levels.

You collected 110 gold pieces.

Inventory:

Hand Weapons
 a - a +1 dagger of electrocution (weapon)
 f - a +0 hunting sling
Missiles
 d - 16 bolts
 e - 2 boomerangs (quivered)
 n - 7 atropa-tipped darts
 q - 2 curare-tipped darts
 t - 13 arrows
 u - 4 stones
Armour
 c - a +0 robe (worn)
 w - a +1 pair of boots (worn)
Jewellery
 h - a ring of stealth (left hand)
 x - a cursed -4 ring of intelligence (right hand)
Scrolls
 b - a scroll of teleportation
 i - 2 scrolls of fog
 j - a scroll of amnesia {unknown}
Potions
 k - a potion of heal wounds {unknown}
 l - a potion of haste {unknown}
 m - a potion of lignification
 o - a potion of curing {unknown}
 r - a potion of berserk rage {unknown}
 s - a potion of mutation {unknown}
Comestibles
 g - a chunk of flesh
 v - 3 rations


   Skills:
 - Level 1.7 Dodging
 - Level 2.4 Stealth
 - Level 3.2 Spellcasting
 * Level 3.2 Conjurations
   Level 1.0 Summonings
   Level 0.8 Translocations


You had 8 spell levels left.
You knew the following spells:

 Your Spells              Type           Power        Failure   Level  Hunger
c - Magic Dart            Conj           ##..         5%          1    #......

Your spell library contained the following spells:

 Spells                   Type           Power        Failure   Level  Hunger
 Call Imp                 Summ           #.......     22%         2    ##.....
 Slow                     Hex            #.......     32%         2    ##.....
 Conjure Flame            Conj/Fire      #.......     32%         3    ###....
 Mephitic Cloud           Conj/Pois/Air  #.......     38%         3    ###....
 Blink                    Tloc           Unusable     N/A         2    N/A

Dungeon Overview and Level Annotations

Branches:
Dungeon (2/15)

Altars:
Dithmenos


Innate Abilities, Weirdness & Mutations

You cannot be hasted, slowed, berserked, paralysed or teleported.
You can dig through walls and to a lower floor.
Your four strong arms can wield two-handed weapons with a shield.
You have a pair of large antennae on your head. (SInv)


Message History

Orders for allies: a - Attack new target. p - Attack previous target. r - Retreat! s - Stop attacking. g - Guard the area. f - Follow me.
Anything else - Cancel.
You shout for attention!
The kobold misses you. The rat closely misses you.
The hobgoblin barely misses you. The kobold completely misses you. x2
What are your orders? t - Shout!
Orders for allies: a - Attack new target. p - Attack previous target. r - Retreat! s - Stop attacking. g - Guard the area. f - Follow me.
Anything else - Cancel.
You shout for attention!
The kobold hits you. The rat bites you but does no damage.
The hobgoblin hits you.
You die...

# .. .#.# #. .###..# #?
.#....# #.##.###.# ...#.รท.#
#.#...# #(.#.# #.#
#....############
..#..##...#.KKg.......)....
.......# #..r@......#####
...#..##...K.###.#.....#
#..........### #..####.####
#............####..###....##
#.....######.......>#####..##
#.##. ###).......... #.##
#.#########. ######.# #...#
## #...##.# ###.# ##.


You could see a hobgoblin, 3 kobolds and a rat.

Vanquished Creatures
  An adder (D:2)
  A worm (D:2)
  A dart slug (D:1)
  A ball python (D:2)
  2 giant cockroaches (D:1)
  5 goblins
  7 hobgoblins
  4 kobolds
  3 bats (D:2)
  6 frilled lizards
  2 rats
33 creatures vanquished.

Notes
Turn   | Place    | Note
-------+----------+-------------------------------------------
     0 | D:1      | DildoBatman the Formicid Wizard began the quest for the
                  | Orb.
     0 | D:1      | Reached XP level 1. HP: 13/13 MP: 4/4
    12 | D:1      | Reached skill level 1 in Conjurations
   193 | D:1      | Reached XP level 2. HP: 12/19 MP: 6/6
   574 | D:2      | Found a shadowy altar of Dithmenos.
   598 | D:2      | Reached XP level 3. HP: 24/24 MP: 3/7
  1211 | D:2      | Reached XP level 4. HP: 30/30 MP: 6/8
  1228 | D:2      | HP: 1/30 [kobold (3)]
  1228 | D:2      | Slain by a hobgoblin

Illustrated notes

Levels and vault maps discovered:
D:1:      saegor_arrival_simple_d, layout_rooms, dk_noncrumbling_3,
          minmay_misc_feat_x
D:2:      layout_rooms, overflow_temple_1_default, first_ration,
          minmay_pentomino_pile

Skill      XL: |  1  2  3 |
---------------+----------+-----
Conjurations   | 1 2 3 |  3.2
Dodging        | |  1.7
Stealth        | |  2.4
Spellcasting   | |  3.2
Summonings     | |  1.0
Translocations | |  0.8

Action                   |  1- 3 |  4- 6 || total
-------------------------+-------+-------++-------
Melee: Dagger            |    45 |       ||    45
 Cast: Magic Dart        |    55 |       ||    55
 Abil: Dig               |     2 |       ||     2
  Use: Scroll            |     5 |       ||     5
       Potion            |     1 |       ||     1
  Eat: Chunk             |     1 |       ||     1
Armor: Robe              |    10 |     8 ||    18
       Skin              |     1 |       ||     1
Dodge: Dodged            |    37 |    18 ||    55
